 Dungeon Crawl Stone Soup version 0.27.1-16-g815e20cd7a (webtiles) character file.

Game seed: 8610157303616162914

156 CrazyMind the Slasher (level 5, 0/38 HPs)
             Began as a Djinni Gladiator on Nov 21, 2021.
             Slain by an orc priest (1 damage)
             ... on level 3 of the Dungeon.
             The game lasted 00:12:27 (2860 turns).

CrazyMind the Slasher (Djinni Gladiator)            Turns: 2860, Time: 00:12:29

Health: 0/38       AC:  4    Str: 14    XL:     5   Next: 64%
Gold:   39         EV: 13    Int:  9    God:
                   SH:  0    Dex: 15

rFire    + + .     SeeInvis .   a - +0 long sword
rCold    x . .     Faith    .   (no shield)
rNeg     . . .     Spirit   .   b - +0 leather armour
rPois    ∞         Reflect  .   c - +0 helmet
rElec    .         Harm     .   (no cloak)
rCorr    .         Rampage  .   (no gloves)
Will     .....                  (boots unavailable)
Stlth    +.........             (no amulet)
HPRegen  0.12/turn              (no ring)
MPRegen  0.00/turn              (no ring)

@: flying
A: sickness immunity, fire resistance 2, cold vulnerability 1, float, innate
caster, hp casting, extra vitality 1
a: no special abilities


You were on level 3 of the Dungeon.
You visited 1 branch of the dungeon, and saw 3 of its levels.

You collected 39 gold pieces.

Inventory:

Hand Weapons
 a - a +0 long sword (weapon)
 d - a +4 short sword
 l - a +0 dagger of venom
Missiles
 g - 2 boomerangs
 i - 17 stones
 k - 8 javelins
 p - a throwing net (quivered)
Armour
 b - a +0 leather armour (worn)
 c - a +0 helmet (worn)
 e - a +0 buckler
Jewellery
 q - an amulet of faith
Scrolls
 j - 2 scrolls of identify {unknown}
 m - a scroll of teleportation {unknown}
 n - a scroll of amnesia {unknown}
 o - a scroll of fog {unknown}
Potions
 f - 3 potions of heal wounds {unknown}
 h - a potion of degeneration {unknown}


   Skills:
 + Level 2.2 Fighting
 + Level 4.0 Long Blades
 + Level 1.7 Throwing
 + Level 2.1 Armour
 + Level 3.7 Dodging
 * Level 1.7 Shields


You had one spell level left.
You knew the following spells:

 Your Spells              Type           Power      Damage    Failure   Level
a - Shock                 Conj/Air       0%         1d3       45%         1
b - Passwall              Tmut/Erth      0%         N/A       58%         2
Your spell library was empty.

Dungeon Overview and Level Annotations

Branches:
Dungeon (3/15)

Altars:

Annotations:
D:2 exclusion: 2 downstairs
D:3 exclusion: 4 doors, Terence


Innate Abilities, Weirdness & Mutations

You are immune to sickness and miasma.
You are immune to poison.
Your flesh is very heat resistant. (rF++)
You are vulnerable to cold. (rC-)
You float through the air rather than walking.
You learn spells naturally, not from books.
Your magical power is your life essence.
You have superior vitality. (+4 HP)


Message History

The jackal is almost dead.
The jackal bites you.
You barely miss the jackal.
The jackal is almost dead.
The jackal bites you. The jackal misses you.
You riposte.
You closely miss the jackal.
The jackal is almost dead.
You hit the jackal.
You kill the jackal!
You closely miss the jackal. The jackal misses you. The jackal bites you.
You slash the jackal!
You kill the jackal!
Your Long Blades skill increases to level 4!
HP restored.
Things that are here:
a jackal corpse; a jackal corpse; a jackal corpse
Found a mace.
The orc priest shouts!
You barely miss the orc priest. You barely miss the orc priest.
The orc priest mumbles some strange prayers to Beogh against you.
Beogh smites you! The orc priest hits you with a +0 mace.
You barely miss the orc priest. The orc priest hits you with a +0 mace.
You are too injured to fight recklessly!
You are too injured to fight recklessly!
You barely miss the orc priest.
The orc priest calls down the wrath of Beogh upon you.
Beogh smites you!
* * * LOW HITPOINT WARNING * * *
Throw: 2 throwing nets
Press: ? - help, Q - select action, (/) - cycle Shift-Dir - straight line, f - orc priest
Aim: an orc priest, wielding a +0 mace (59% to hit)
Okay, then.
Throw: 2 throwing nets
Press: ? - help, Q - select action, (/) - cycle Shift-Dir - straight line, f - orc priest
Aim: an orc priest, wielding a +0 mace (59% to hit)
You throw a throwing net.
The throwing net closely misses the orc priest.
The orc priest hits you with a +0 mace.
You die...

.. ♣≈.≈♣ ###. ♣≈≈≈♣
...####### ♣≈.P♣ #.........
♣P≈≈♣ #.#.#..##. ♣≈≈P♣
####......... ♣≈.P
......†....#.
##o###.####.#.....#.
#..@..........)...#.
####..##..####.##†>.##.
#.........# #.###..##.
########..##.#####.###..##.
............^..............
########..##.####.........<
#.....# #..###..##.
#######..##.####..# #..##.
............†.....# #..##.


You could see an orc priest.

Vanquished Creatures
  An orc priest (D:3)
  An iguana (D:3)
  2 adders
  2 gnolls
  3 orcs (D:3)
  4 endoplasms
  7 giant cockroaches
  7 goblins
  A hobgoblin (D:2)
  8 jackals
  A quokka (D:1)
  3 ball pythons
  5 bats
  3 frilled lizards
  7 kobolds
  6 rats
61 creatures vanquished.

Vanquished Creatures (others)
  7 plants (D:3)
7 creatures vanquished.

Grand Total: 68 creatures vanquished

Notes
Turn   | Place    | Note
-------+----------+-------------------------------------------
     0 | D:1      | CrazyMind the Djinni Gladiator began the quest for the Orb.
     0 | D:1      | Reached XP level 1. HP: 18/18 MP: 0/0
   122 | D:1      | Reached XP level 2. HP: 9/23 MP: 0/0
   389 | D:1      | Reached skill level 1 in Shields
   510 | D:1      | Reached skill level 3 in Long Blades
   704 | D:1      | Reached XP level 3. HP: 27/28 MP: 0/0
   704 | D:1      | Learned a level 1 spell: Shock
  1387 | D:2      | Reached skill level 1 in Armour
  1573 | D:2      | Reached XP level 4. HP: 21/33 MP: 0/0
  1990 | D:3      | Reached XP level 5. HP: 23/38 MP: 0/0
  1990 | D:3      | Learned a level 2 spell: Passwall
  2601 | D:3      | Found a faded altar of an unknown god.
  2606 | D:3      | Noticed Terence
  2766 | D:3      | Reached skill level 4 in Long Blades
  2859 | D:3      | HP: 1/38 [orc priest/divine providence (13)]
  2860 | D:3      | Slain by an orc priest

Illustrated notes

Levels and vault maps discovered:
D:1:      giann_wishing_wells, layout_rooms, minmay_vboxes
D:2:      layout_basic, minmay_pentomino_q2
D:3:      lemuel_castle_with_subvaults [lemuel_castle_interior_carwin_2],
          layout_basic, dreamdust_ecumenical_altar_statues,
          ebering_ghost_rock_garden, serial_bayou_crossing, uniq_robin,
          uniq_sigmund, uniq_terence

Skill      XL: |  1  2  3  4  5 |
---------------+----------------+-----
Shields        | 1 |  1.7
Long Blades    | 3 4 |  4.0
Armour         | 1 2 |  2.1
Fighting       | |  2.2
Throwing       | |  1.7
Dodging        | |  3.7

Action                   |  1- 3 |  4- 6 || total
-------------------------+-------+-------++-------
Melee: Long sword        |   106 |    92 ||   198
Throw: Stone             |     4 |       ||     4
       Throwing net      |     1 |     4 ||     5
 Stab: Sleeping          |     1 |       ||     1
       Held in net/web   |       |     1 ||     1
Armor: Leather armour    |    34 |    21 ||    55
Dodge: Dodged            |    56 |    92 ||   148
       Rpst.: Long sword |    20 |    33 ||    53
